 Dungeon Crawl Stone Soup version 0.14.1-26-g5a19342 (webtiles) character file.

12311 Kae the Bludgeoner (level 11, -17/82 HPs)
             Began as a Minotaur Fighter on July 20, 2014.
             Was a High Priest of Okawaru.
             Demolished by a cyclops (22 damage)
             ... on Level 10 of the Dungeon.
             The game lasted 00:19:40 (12585 turns).

Kae the Bludgeoner (Minotaur Fighter)              Turns: 12585, Time: 00:19:40

HP -17/82        AC 15     Str 23      XL: 11   Next: 53%
MP   4/4         EV  7     Int  7      God: Okawaru [*****.]
Gold 542         SH 19     Dex  9      Spells:  0 memorised, 10 levels left

rFire  . . .     SeeInvis .     b - +3,-1 whip (elec)
rCold  . . .     Clarity  .     B - +5 scale mail {rPois}
rNeg   . . .     Conserve .     c - +0 shield
rPois  +         rCorr    .     (helmet restricted)
rElec  .         rRot     .     y - +0 cloak
SustAb . .       Spirit   .     v - +0 pair of gloves
rMut   .         Warding  .     q - +0 pair of boots
Gourm  +         Stasis   .     j - amulet of the gourmand
MR     .....                    L - ring of sustenance
                                D - cursed ring of teleport control

@: not resistant to hostile enchantments, extremely unstealthy
A: retaliatory headbutt, horns 2
a: Heroism, Finesse, Renounce Religion, Evoke Teleport Control


You were on level 10 of the Dungeon.
You worshipped Okawaru.
Okawaru was extremely pleased with you.
You were completely stuffed.

You visited 2 branches of the dungeon, and saw 12 of its levels.

You collected 638 gold pieces.
You spent 96 gold pieces at shops.

Inventory:

Hand weapons
 a - a +0,-1 flail
 b - a +3,-1 whip of electrocution (weapon)
 k - a +0,+1 mace
 p - a +1,+0 flail of holy wrath
 x - a -2,-2 whip
Armour
 c - a +0 shield (worn)
 q - a +0 pair of boots (worn)
 v - a +0 pair of gloves (worn)
 y - a +0 cloak (worn)
 B - a +5 scale mail of poison resistance (worn)
Magical devices
 w - a wand of confusion (0)
 C - a wand of magic darts (10)
 H - a wand of slowing (10)
 O - a wand of digging (8) {unknown}
 R - a wand of lightning (9) {unknown}
 T - a wand of fireball (6) {unknown}
 W - a wand of flame (9) {unknown}
Comestibles
 d - 8 bread rations
 f - 7 meat rations
 t - 2 apples
 u - 2 chokos
 z - 4 royal jellies
 A - a lemon
 V - a slice of pizza
 X - 3 rotting chunks of manticore flesh
Scrolls
 e - 6 scrolls of teleportation
 g - 5 scrolls of identify
 i - 2 scrolls of enchant weapon II
 G - a scroll of random uselessness
 K - 2 scrolls of enchant armour
 M - 2 scrolls of remove curse
 U - a scroll of recharging {unknown}
Jewellery
 j - an amulet of the gourmand (around neck)
 D - a cursed ring of teleport control (left hand)
 L - a ring of sustenance (right hand)
 N - an uncursed amulet of stasis {unknown}
 Q - an uncursed ring of fire {unknown}
 S - an uncursed amulet of rage {unknown}
 Y - an uncursed amulet of inaccuracy {unknown}
Potions
 l - 2 potions of restore abilities
 m - a potion of mutation
 n - 3 potions of cure mutation
 o - a potion of poison
 r - a potion of degeneration
 s - a potion of haste
 E - a potion of paralysis
 F - a potion of brilliance
 J - a potion of magic
 P - 2 potions of berserk rage {unknown}
Books
 h - a book of Annihilations {highlevel, unknown}

   This book is beyond your current level of understanding.

   Spells                             Type                      Level
   Poison Arrow                       Conjuration/Poison           6
   Chain Lightning                    Conjuration/Air              8
   Lehudib's Crystal Spear            Conjuration/Earth            8
   Glaciate                           Conjuration/Ice              9
   Fire Storm                         Conjuration/Fire             9


   Skills:
 - Level 3.6 Fighting
 + Level 19.9 Maces & Flails
 - Level 3.6 Armour
 - Level 3.6 Shields


You had 10 spell levels left.
You didn't know any spells.

Dungeon Overview and Level Annotations

Branches:
Dungeon (11/15)            Temple (1/1) D:5            Lair (0/8) D:10
    Orc: D:9-12

Altars:
Ashenzari
Cheibriados
Dithmenos
Elyvilon
Fedhas
Kikubaaqudgha
Makhleb
Nemelex Xobeh
Okawaru
Sif Muna
Trog
Vehumet
Xom
Yredelemnul
Zin
The Shining One
Beogh

Shops:
D:4 [

Annotations:
D:11 Nergalle


Innate Abilities, Weirdness & Mutations

You reflexively headbutt those who attack you in melee.
You have a pair of horns on your head.


Message History

The goliath beetle is severely wounded.
The cyclops throws a large rock.
The large rock hits you!
* * * LOW HITPOINT WARNING * * *
You hit the goliath beetle but do no damage.
There is a sudden explosion of sparks!
You kill the goliath beetle!
Okawaru accepts your kill.
The cyclops throws a large rock.
The large rock hits you!
* * * LOW HITPOINT WARNING * * *
You see here a large rock.
A cyclops is nearby!
The cyclops hits you!
* * * LOW HITPOINT WARNING * * *
You hit the cyclops.
The cyclops is lightly wounded.
You hit the cyclops but do no damage.
You headbutt the cyclops, but do no damage.
The cyclops is lightly wounded.
The cyclops hits you!
You die...

#(.......# #........##........#
#........# #....()..##........#
#........# #####)#####........#
#........# ####.# #####'####
#####'#### #....# #.# #..#
###.##### #.## ##.# #...(...#
#..# #.# ###...(...# ##.#
######.####.....@...# #.#
#........##.#...C.<.# #.##
#........##.#...>...# #..#
#........##.#.......# ##.#
#........##.#.......# #.##
#........##.#......%##########...
#...........#..................##
#........####.......##########.##
#........# ####.#### #..#


You could see a cyclops.

Vanquished Creatures
  Fannar (D:10)
  The ghost of Kae the Bludgeoner, an experienced MiFi of Okawaru (D:8)
  2 hill giants (D:8)
  A manticore (D:10)
  Psyche (D:9)
  A hydra skeleton (D:11)
  2 deep elf magi
  A wraith (D:10)
  14 yaks
  A hippogriff (D:10)
  3 water moccasins
  7 orc warriors
  A necrophage (D:8)
  3 black bears
  2 sky beasts
  An ice beast (D:8)
  3 phantoms
  3 centaurs
  3 ogres
  3 big kobolds (D:8)
  7 giant frogs
  10 killer bees (D:8)
  2 scorpions
  3 crimson imps
  A giant frog zombie (D:8)
  3 goliath beetles
  10 orc priests
  A big fish (D:6)
  5 gnoll shamans (D:5)
  A quasit (D:9)
  5 hounds
  8 orc wizards
  3 centaur skeletons
  6 jellies
  3 worker ants
  An iguana (D:5)
  A two-headed ogre skeleton (D:8)
  A killer bee zombie (D:8)
  3 sheep (D:6)
  Ijyb (D:2)
  A hound zombie (D:5)
  A sky beast zombie (D:9)
  A mummy (D:9)
  A hound skeleton (D:8)
  Terence (D:2)
  A worker ant zombie (D:10)
  43 gnolls
  15 adders
  A giant mite (D:8)
  3 shadow imps
  3 worms
  An adder zombie (D:5)
  An adder skeleton (D:7)
  2 giant eyeballs
  4 giant geckos
  5 oozes (D:8)
  54 orcs
  19 bats
  5 giant cockroaches
  19 goblins
  11 hobgoblins
  31 jackals
  10 giant newts
  A hobgoblin skeleton (D:6)
  25 kobolds
  A kobold zombie (D:8)
  4 quokkas
  16 rats
  3 ballistomycetes (D:8)
  2 fungi (D:8)
414 creatures vanquished.

Vanquished Creatures (others)
  A giant cockroach (D:5)
  A giant newt (D:5)
  A giant spore (D:8)
  A kobold (D:8)
  4 ballistomycetes (D:8)
8 creatures vanquished.

Grand Total: 422 creatures vanquished

Notes
Turn   | Place    | Note
--------------------------------------------------------------
     0 | D:1      | Kae, the Minotaur Fighter, began the quest for the Orb.
     0 | D:1      | Reached XP level 1. HP: 19/19 MP: 1/1
   305 | D:1      | Reached XP level 2. HP: 26/26 MP: 1/1
   638 | D:2      | Reached skill level 4 in Maces & Flails
   730 | D:2      | Reached XP level 3. HP: 29/31 MP: 2/2
   918 | D:2      | Noticed Terence
   925 | D:2      | Killed Terence
   925 | D:2      | Reached skill level 5 in Maces & Flails
   973 | D:2      | Noticed Ijyb
  1029 | D:2      | Killed Ijyb
  1029 | D:2      | Reached XP level 4. HP: 36/39 MP: 2/2
  1740 | D:3      | Reached skill level 6 in Maces & Flails
  1744 | D:3      | Reached XP level 5. HP: 15/45 MP: 2/2
  1999 | D:3      | Reached skill level 7 in Maces & Flails
  2346 | D:3      | Found a white marble altar of Elyvilon.
  2399 | D:3      | Reached XP level 6. HP: 48/51 MP: 3/3
  2903 | D:4      | Reached skill level 8 in Maces & Flails
  2955 | D:4      | Found Qetzil's Antique Armour Boutique.
  2964 | D:4      | Bought a shiny scale mail for 96 gold pieces
  3570 | D:4      | Found a glowing golden altar of the Shining One.
  3604 | D:5      | Entered Level 5 of the Dungeon
  3631 | D:4      | Reached skill level 9 in Maces & Flails
  3735 | D:5      | Reached XP level 7. HP: 51/57 MP: 3/3
  3831 | D:5      | Found a bloodstained altar of Trog.
  3875 | D:5      | Found a basalt altar of Yredelemnul.
  3926 | D:5      | Found an ancient bone altar of Kikubaaqudgha.
  4280 | D:5      | Reached skill level 10 in Maces & Flails
  4938 | D:5      | Reached skill level 11 in Maces & Flails
  4941 | D:5      | Reached XP level 8. HP: 64/64 MP: 3/3
  5592 | D:5      | Reached skill level 12 in Maces & Flails
  5722 | D:5      | Found a staircase to the Ecumenical Temple.
  5793 | D:5      | Found a deep blue altar of Sif Muna.
  5875 | Temple   | Entered the Ecumenical Temple
  5925 | Temple   | Became a worshipper of Warmaster Okawaru
  6617 | D:6      | Reached skill level 13 in Maces & Flails
  6689 | D:6      | Acquired Okawaru's first power
  7282 | D:7      | Reached XP level 9. HP: 70/70 MP: 4/4
  7372 | D:7      | Paralysed by a giant eyeball for 2 turns
  7716 | D:7      | Reached skill level 14 in Maces & Flails
  8331 | D:8      | Noticed a hill giant
  8368 | D:8      | Killed a hill giant
  8368 | D:8      | Reached skill level 15 in Maces & Flails
  8776 | D:8      | Noticed Kae's ghost (experienced MiFi)
  8801 | D:8      | Killed Kae's ghost
  8801 | D:8      | Reached skill level 16 in Maces & Flails
  8801 | D:8      | Reached XP level 10. HP: 27/77 MP: 4/4
  9035 | D:8      | Found a blossoming altar of Fedhas.
  9067 | D:8      | Noticed a hill giant
  9083 | D:8      | Killed a hill giant
  9318 | D:8      | Reached skill level 17 in Maces & Flails
  9564 | D:8      | Found a shadowy altar of Dithmenos.
  9992 | D:9      | Found a burning altar of Makhleb.
 10101 | D:9      | Found a shimmering altar of Xom.
 10108 | D:9      | Found a glowing silver altar of Zin.
 10111 | D:9      | Noticed Psyche
 10123 | D:9      | Killed Psyche
 10631 | D:10     | Entered Level 10 of the Dungeon
 10667 | D:10     | Reached skill level 18 in Maces & Flails
 10677 | D:10     | Acquired Okawaru's second power
 10763 | D:10     | Found a staircase to the Lair.
 10906 | D:10     | Reached XP level 11. HP: 63/82 MP: 2/4
 11257 | D:10     | Found a roughly hewn altar of Beogh.
 11268 | D:10     | Received a gift from Okawaru
 11544 | D:10     | Got a pair of bloodstained gloves {god gift}
 11548 | D:10     | Identified the +2 pair of gloves of Zauh {+Inv +Fly Acc-3 Stlth++} (Okawaru gifted it to you on level 10 of the Dungeon)
 11665 | D:10     | Noticed Fannar
 11686 | D:10     | Killed Fannar
 11686 | D:10     | Reached skill level 19 in Maces & Flails
 11831 | D:11     | HP: 1/82 [manticore/volley of spikes (11)]
 12510 | D:11     | Noticed Nergalle
 12585 | D:10     | Demolished by a cyclops

Action                   |  1- 3 |  4- 6 |  7- 9 | 10-12 || total
-------------------------+-------+-------+-------+-------++-------
Melee: Flail             |    66 |       |     1 |    15 ||    82
       Mace              |    26 |   263 |   247 |       ||   536
       Whip              |       |       |   362 |   584 ||   946
Invok: Heroism           |       |       |       |     6 ||     6
Evoke: Wand              |       |       |       |     2 ||     2
  Use: Potion            |       |     6 |     3 |     1 ||    10
       Scroll            |       |       |    19 |     6 ||    25
